 Dungeon Crawl Stone Soup version 0.19.5 (webtiles) character file.

141 Lilleppy the Shield-Bearer (level 5, 0/42 HPs)
             Began as a Formicid Fighter on Mar 27, 2017.
             Succumbed to an adder's poison
             ... on level 3 of the Dungeon.
             The game lasted 00:05:43 (1904 turns).

Lilleppy the Shield-Bearer (Formicid Fighter)       Turns: 1904, Time: 00:05:43

Health: 0/42       AC:  8    Str: 20      XL:     5   Next: 48%
Magic:  5/5        EV:  6    Int:  6 (8)  God:
Gold:   72         SH: 10    Dex: 10 (11) Spells: 0 memorised, 4 levels left

rFire  . . .     SeeInvis +     f - +4 quarterstaff (chaos)
rCold  . . .     Gourm    .     b - +0 scale mail
rNeg   . . .     Faith    .     c - +3 shield
rPois  .         Spirit   .     (helmet unavailable)
rElec  .         Reflect  .     l - +1 cloak
rCorr  .         Harm     .     (no gloves)
MR     .....                    (no boots)
Stlth  ..........               e - amulet of inaccuracy (curse)
                                k - ring of loudness (curse)
                                r - ring of teleportation (curse)

@: lethally poisoned (0 -> -9), very heavily drained
A: permanent stasis, dig shafts and tunnels, four strong arms, antennae 3
a: Dig, Shaft Self


You were on level 3 of the Dungeon.
You were not hungry.

You visited 1 branch of the dungeon, and saw 3 of its levels.

You collected 72 gold pieces.

Inventory:

Hand Weapons
 a - a +0 long sword
 d - a +2 dagger of draining
 f - a +4 quarterstaff of chaos (weapon)
Armour
 b - a +0 scale mail (worn)
 c - a +3 shield (worn)
 l - a +1 cloak (worn)
Jewellery
 e - a cursed amulet of inaccuracy (around neck)
 h - an uncursed ring of stealth
 k - a cursed ring of loudness (right hand)
 p - an uncursed ring of magical power
 r - a cursed ring of teleportation (left hand)
Potions
 o - a potion of haste
Comestibles
 g - a royal jelly
 i - 6 fruits


   Skills:
 + Level 4.1(0.0) Fighting
 + Level 1.0(0.0) Short Blades
 + Level 2.2(0.0) Long Blades
 + Level 4.1(0.0) Armour
 + Level 1.2(0.0) Dodging
 + Level 0.3(0.0) Stealth
 + Level 4.9(0.0) Shields


You had 4 spell levels left.
You didn't know any spells.

Dungeon Overview and Level Annotations

Branches:
Dungeon (3/15)

Altars:
Hepliaklqana

Annotations:
D:3 Lilleppy's ghost, amateur FoFi


Innate Abilities, Weirdness & Mutations

You are under a permanent stasis effect.
You can dig through walls and to a lower floor.
Your four strong arms can wield two-handed weapons with a shield.
You have a pair of large antennae on your head. (SInv)


Message History

You miss the adder.
The adder is severely wounded.
* * * LOW HITPOINT WARNING * * *
You feel sick. You block the adder's attack. The adder bites you.
* * * LOW HITPOINT WARNING * * *
You are more poisoned.
The adder poisons you!
You hit the adder. You burn the adder.
You kill the adder!
* * * LOW HITPOINT WARNING * * *
You feel sick.
* * * LOW HITPOINT WARNING * * *
You feel sick.
The kobold hits you but does no damage. x3
You see here an adder corpse.
You closely miss the kobold.
* * * LOW HITPOINT WARNING * * *
You feel sick. The kobold completely misses you. The kobold barely misses you.
You block the kobold's attack.
Your shield and scale mail prevent you from hitting the kobold.
You die...

....... .......
!.....# {
....########
#K........# #.
#......)..#
#..######....>......#
#.........#
##.###...... #.#
##..#. #.# .## .#


You could see 3 kobolds.

Vanquished Creatures
  Crazy Yiuf (D:2)
  Natasha (twice) (D:2)
  2 adders (D:3)
  An ooze (D:1)
  A dart slug (D:1)
  2 leopard geckos
  2 giant cockroaches
  6 goblins
  3 hobgoblins
  A quokka (D:2)
  4 bats
  A frilled lizard (D:1)
  7 kobolds
  7 rats
  2 fungi (D:2)
42 creatures vanquished.

Notes
Turn   | Place    | Note
-------+----------+-------------------------------------------
     0 | D:1      | Lilleppy the Formicid Fighter began the quest for the Orb.
     0 | D:1      | Reached XP level 1. HP: 18/18 MP: 1/1
   175 | D:1      | Reached XP level 2. HP: 17/24 MP: 2/2
   691 | D:1      | Reached XP level 3. HP: 30/30 MP: 3/3
   888 | D:2      | Found a hazy altar of Hepliaklqana.
  1184 | D:2      | Noticed Natasha
  1195 | D:2      | Killed Natasha
  1195 | D:2      | Reached XP level 4. HP: 14/37 MP: 4/4
  1595 | D:2      | Noticed Natasha
  1604 | D:2      | Killed Natasha
  1604 | D:2      | Reached skill level 1 in Dodging
  1788 | D:2      | Found a runed door.
  1792 | D:2      | Noticed Crazy Yiuf
  1800 | D:2      | Killed Crazy Yiuf
  1800 | D:2      | Reached skill level 1 in Short Blades
  1800 | D:2      | Reached XP level 5. HP: 37/42 MP: 5/5
  1895 | D:3      | Noticed Lilleppy's ghost (amateur FoFi)
  1902 | D:3      | HP: 2/42 [poisoned by an adder]
  1904 | D:3      | Succumbed to an adder's poison

Skill      XL: |  1  2  3  4 |
---------------+-------------+-----
Shields        | 4 |  4.9
Fighting       | 4 |  4.1
Dodging        | 1 |  1.2
Short Blades   | 1 |  1.0
Armour         | 4 |  4.1
Long Blades    | |  2.2
Stealth        | |  0.3

Action                   |  1- 3 |  4- 6 || total
-------------------------+-------+-------++-------
Melee: Long sword        |   162 |       ||   162
       Dagger            |    15 |    55 ||    70
       Quarterstaff      |       |    32 ||    32
  Use: Potion            |     5 |     1 ||     6
       Scroll            |     4 |     3 ||     7
  Eat: Bread ration      |       |     1 ||     1
Armor: Scale mail        |   110 |    47 ||   157
Dodge: Dodged            |    84 |    22 ||   106
Block: Shield            |   103 |    43 ||   146
       Rpst.: Long sword |    25 |       ||    25
